 Dungeon Crawl Stone Soup version 0.32-a0-599-gba8f9cf90e (webtiles) character file.

Game seed: 12022836210700850465

252 ragingrage the Cutter (level 6, -5/46 (47) HPs)
             Began as a Formicid Delver on Mar 3, 2024.
             Was an Initiate of Nemelex Xobeh.
             Killed from afar by an orc wizard (7 damage)
             ... with a magic dart
             ... on level 3 of the Dungeon.
             The game lasted 00:03:18 (2947 turns).

ragingrage the Cutter (Formicid Delver)             Turns: 2947, Time: 00:03:19

HP:   -5/46 (47)    AC:  3    Str: 17    XL:     6   Next: 36%
MP:   6/6           EV: 12    Int:  9    God:    Nemelex Xobeh [......]
Gold: 121           SH:  0    Dex: 17    Spells: 5/5 levels left

rFire   . . .        a - +0 short sword
rCold   . . .        (no shield)
rNeg    . . .        b - +0 leather armour
rPois   .            (helmet unavailable)
rElec   .            (no cloak)
rCorr   .            (no gloves)
SInv    +            (no boots)
Will    .....        (no amulet)
Stlth   +++          (no ring)
HPRegen 0.27/turn    (no ring)
MPRegen 0.10/turn

%: no passive effects
@: lightly drained
A: permanent stasis, dig shafts and tunnels, antennae 3, four strong arms
a: Dig, Shaft Self, Renounce Religion, Draw Escape, Draw Destruction, Draw
Summoning


You were on level 3 of the Dungeon.
You worshipped Nemelex Xobeh.
Nemelex Xobeh was noncommittal.
You visited 1 branch of the dungeon, and saw 5 of its levels.

You collected 217 gold pieces.
You spent 96 gold pieces at shops.

Inventory:

Hand Weapons
 a - a +0 short sword (weapon)
 m - a +0 dagger of speed
Missiles
 n - 5 poisoned darts
Armour
 b - a +0 leather armour (worn)
 k - a +0 pair of gloves
Magical Staves
 l - a staff of alchemy
Wands
 f - a wand of digging (3)
Scrolls
 c - 2 scrolls of fog
 d - 3 scrolls of revelation
 e - a scroll of fear
 g - a scroll of identify {unknown}
 j - a scroll of teleportation {unknown}
 r - 3 scrolls of blinking {unknown}
Potions
 h - a potion of might {unknown}
 i - a potion of invisibility {unknown}
 o - a potion of heal wounds
 p - a potion of curing
 q - a potion of mutation {unknown}
 s - a potion of attraction {unknown}


   Skills:
 - Level 3.2 Fighting
 + Level 6.2 Short Blades
 - Level 1.7 Dodging
 - Level 6.0 Stealth


You had 5 spell levels left.
You didn't know any spells.
Your spell library contained the following spells:

 Spells                   Type           Power      Damage    Failure   Level
 Shock                    Conj/Air       0%         1d3       45%         1
 Airstrike                Air            0%         2d(0-16)  99%         4
 Swiftness                Air            Unusable   N/A       N/A         3

Dungeon Overview and Level Annotations

Branches:
Dungeon (5/15)
 Temple: D:4-7

Altars:
Cheibriados
Nemelex Xobeh
Beogh

Shops:
D:1 !

Annotations:
D:2 exclusions: downstairs and 1 more exclusion, Sigmund
D:3 exclusion: upstairs
D:4 exclusion: 2 orc wizards, Dowan, Duvessa


Innate Abilities, Weirdness & Mutations

You cannot be hasted, slowed, berserked, paralysed or teleported.
You can dig through walls and to a lower floor.
You have a pair of large antennae on your head. (SInv)
Your four strong arms can wield two-handed weapons with a shield.


Message History

The orc wizard hits you with a +0 dagger.
You closely miss the orc wizard.
The orc wizard hits you with a +0 dagger.
You hit the orc wizard.
You hit the orc wizard but do no damage.
The orc wizard hits you with a +0 dagger.
You hit the orc wizard but do no damage.
The orc wizard barely misses you.
You hit the orc wizard. You barely miss the orc wizard.
The orc wizard hits you with a +0 dagger.
You hit the orc wizard but do no damage.
The orc wizard gestures at you while chanting.
The magic dart hits you.
* * * LOW HITPOINT WARNING * * *
You hit the orc wizard but do no damage.
The orc wizard hits you with a +0 dagger.
* * * LOW HITPOINT WARNING * * *
You barely miss the orc wizard.
You hit the orc wizard but do no damage.
The orc wizard points at you and mumbles some strange words.
The puff of flame hits you.
* * * LOW HITPOINT WARNING * * *
You hit the orc wizard but do no damage.
The orc wizard closely misses you.
You hit the orc wizard but do no damage.
You hit the orc wizard but do no damage.
The orc wizard hits you with a +0 dagger.
* * * LOW HITPOINT WARNING * * *
You barely miss the orc wizard. The orc wizard closely misses you.
You hit the orc wizard. You hit the orc wizard.
The orc wizard casts a spell at you. The magic dart hits you!
* * * LOW HITPOINT WARNING * * *
You barely miss the orc wizard.
The orc wizard points at you and mumbles some strange words.
The magic dart hits you!
You die...
Your body disappears without a glow.

#....# ######....######
................ ..........####.#
.####....# #.# ##### #....# #.. #
##...## #....# #.. #
#.ßoß.####....# ### # ##
#_.@..'.......# ### # #.
#$ß$ß.###.....# #..
###.###########$$$###(###### #..
#>............########.## #..
####.###.........#.####.#######..
.....###.........#.#.........####
.....##..........#.......##### #
[....##†##......##.#.#...### ####
.....##.##......##.#.#.....###ß##


You could see an orc wizard (invisible).

Vanquished Creatures
  An orc priest (D:3)
  A bombardier beetle (D:5)
  2 hounds (D:4)
  2 gnolls (D:2)
  4 adders
  4 dart slugs
  A ribbon worm (D:2)
  3 orcs (D:3)
  4 ball pythons
  6 bats
  9 endoplasms
  4 giant cockroaches
  5 hobgoblins
  4 jackals (D:1)
  A quokka (D:3)
  4 frilled lizards (D:1)
  6 goblins
  A kobold (D:3)
  4 rats
66 creatures vanquished.

Notes
Turn   | Place    | Note
-------+----------+-------------------------------------------
     0 | D:5      | ragingrage the Formicid Delver began the quest for the Orb.
     0 | D:5      | Reached XP level 1. HP: 18/18 MP: 1/1
     9 | D:5      | Noticed a bombardier beetle
    22 | D:5      | Killed a bombardier beetle
    23 | D:5      | Reached XP level 2. HP: 24/24 MP: 2/2
    23 | D:5      | Reached XP level 3. HP: 29/29 MP: 3/3
   141 | D:4      | Noticed Dowan
   233 | D:4      | Reached XP level 4. HP: 9/35 MP: 4/4
   605 | D:4      | Reached XP level 5. HP: 14/41 MP: 5/5
   874 | D:4      | Noticed Duvessa
   928 | D:4      | Reached skill level 5 in Short Blades
  1098 | D:2      | Noticed Sigmund
  1490 | D:1      | Found Kuhuunam's Distillery.
  1500 | D:1      | Bought a potion of heal wounds for 60 gold pieces
  1500 | D:1      | Bought a potion of curing for 36 gold pieces
  2119 | D:2      | Reached XP level 6. HP: 23/47 MP: 6/6
  2478 | D:3      | Found a sparkling altar of Nemelex Xobeh.
  2478 | D:3      | Found a snail-covered altar of Cheibriados.
  2587 | D:3      | Became a worshipper of Nemelex Xobeh the Trickster
  2663 | D:3      | Found a roughly hewn altar of Beogh.
  2731 | D:3      | HP: 2/43 [orc priest/divine providence (11)]
  2946 | D:3      | HP: 2/46 [orc wizard/magic dart (7)]
  2947 | D:3      | Killed from afar by an orc wizard

Illustrated notes

Levels and vault maps discovered:
D:1:      erik_arrival_triangle_small, layout_rooms, serial_aquarium,
          aquarium_bridge_square [aquarium_subvault_bridge,
          aquarium_subvault_bridge, aquarium_subvault_wall,
          aquarium_subvault_bridge], aquarium_window_2, aquarium_window_1,
          aquarium_window_2, aquarium_view_2a, aquarium_balcony_3a,
          serial_shops, shop, minmay_ruptured
D:2:      layout_basic, uniq_sigmund, uniq_crazy_yiuf_cottage
D:3:      layout_basic, gammafunk_temple_overflow_statue,
          kennysheep_nondescript, hangedman_abyss_or_decor_lesser_grid,
          kennysheep_orc_chapel
D:4:      layout_loops_ring, kennysheep_cross_bottleneck,
          minmay_misc_feat_hallway, uniq_duvessa
D:5:      layout_rooms, serial_shops, shop, nicolae_shop_advertising_works
          [nicolae_subvault_shop_adworks], nicolae_shop_tiny_statue_garden,
          nicolae_stop_n_shop_2, nicolae_square_shop, amcnicky_mini_pool_medium

Skill      XL: |  1  2  3  4  5  6 |
---------------+-------------------+-----
Short Blades   | 3 4 5 6 |  6.2
Fighting       | |  3.2
Dodging        | |  1.7
Stealth        | |  6.0

Action                     |  1- 3 |  4- 6 || total
---------------------------+-------+-------++-------
  Melee: Short sword       |    31 |   330 ||   361
Ability: Dig               |       |     1 ||     1
   Stab: Sleeping          |     1 |    16 ||    17
         Distracted        |       |     1 ||     1
 Armour: Leather armour    |    19 |   118 ||   137
  Dodge: Dodged            |    16 |   143 ||   159

Table legend: (Time is in decaauts)
 A = Elapsed time spent in this place.
 B = Non-inter-level travel time spent in this place.
 C = Inter-level travel time spent in this place.
 D = Time resting spent in this place.
 E = Time spent auto-exploring this place.
 F = Levels seen in this place.
 G = Mean time per level.
                   A        B        C        D        E       F      G
               +--------+--------+--------+--------+--------+-----+--------+
         Total |   2850 |   2762 |     88 |    580 |   1435 |   5 |  570.0 |
       Dungeon |   2850 |   2762 |     88 |    580 |   1435 |   5 |  570.0 |
               +--------+--------+--------+--------+--------+-----+--------+

Top non-repeatable levels by time:
     D:4: 889 daAuts
     D:3: 738 daAuts
     D:2: 596 daAuts
     D:1: 589 daAuts
     D:5: 35 daAuts
